 Dungeon Crawl Stone Soup version 0.31-a0-765-g67fe2935dc (webtiles) character file.

Game seed: 2322499759886287686

921 heikuro the Shield-Bearer (level 8, -4/63 HPs)
             Began as a Formicid Fighter on Sept 15, 2023.
             Was a Believer of Jiyva.
             Slain by Crazy Yiuf
             ... wielding a +3 quarterstaff of chaos
              (17 damage)
             ... on level 3 of the Dungeon.
             The game lasted 00:06:58 (3041 turns).

heikuro the Shield-Bearer (Formicid Fighter)        Turns: 3041, Time: 00:06:58

Health: -4/63      AC:  8    Str: 24    XL:     8   Next: 31%
Magic:  4/8        EV:  9    Int:  7    God:    Jiyva [**....]
Gold:   124        SH:  5    Dex: 13    Spells: 7/7 levels left

rFire   . . .        a - +0 war axe
rCold   . . .        c - +0 buckler
rNeg    . . .        h - +1 scale mail {rPois}
rPois   +            (helmet unavailable)
rElec   .            (no cloak)
rCorr   +            (no gloves)
SInv    +            (no boots)
Will    .....        (no amulet) Stlth
                     (no ring)
HPRegen 1.26/turn    (no ring)
MPRegen 0.41/turn

%: no passive effects
@: no status effects
A: permanent stasis, dig shafts and tunnels, antennae 3, four strong arms
a: Dig, Shaft Self, Renounce Religion


You were on level 3 of the Dungeon.
You worshipped Jiyva.
Jiyva was pleased with you.
You visited 1 branch of the dungeon, and saw 4 of its levels.

You collected 124 gold pieces.

Inventory:

Hand Weapons
 a - a +0 war axe (weapon)
 r - a +1 short sword of venom
Missiles
 m - 3 poisoned darts
Armour
 c - a +0 buckler (worn)
 h - a +1 scale mail of poison resistance (worn)
Jewellery
 e - a +6 ring of intelligence
Scrolls
 g - 3 scrolls of identify {unknown}
 i - 2 scrolls of poison {unknown}
 k - a scroll of fear {unknown}
 l - a scroll of teleportation {unknown}
 o - a scroll of blinking {unknown}
 p - a scroll of torment {unknown}
 q - a scroll of noise {unknown}
Potions
 b - a potion of magic {unknown}
 d - a potion of might
 f - a potion of brilliance {unknown}
 j - a potion of curing {unknown}
 n - a potion of lignification {unknown}


   Skills:
 + Level 5.4 Fighting
 * Level 6.0 Axes
 + Level 5.4 Armour
 + Level 6.5 Shields


You had 7 spell levels left.
You didn't know any spells.
Your spell library contained the following spells:

 Spells                   Type           Power      Damage    Failure   Level
 Freeze                   Ice            0%         1d3       77%         1
 Sublimation of Blood     Necr           0%         N/A       88%         2
 Frozen Ramparts          Ice            0%         1d1       98%         3
 Hailstorm                Conj/Ice       0%         3d3       98%         3
 Petrify                  Tmut/Erth      0%         N/A       100%        4
 Irradiate                Conj/Tmut      0%         3d11      100%        5


Dungeon Overview and Level Annotations

Branches:
Dungeon (4/15)
 Temple: D:4-7

Altars:
Dithmenos
Hepliaklqana
Qazlal
Zin
Jiyva

Annotations:
D:3 Crazy Yiuf
D:4 1 runed translucent door, jpeg9000's ghost, amateur DrSh


Innate Abilities, Weirdness & Mutations

You cannot be hasted, slowed, berserked, paralysed or teleported.
You can dig through walls and to a lower floor.
You have a pair of large antennae on your head. (SInv)
Your four strong arms can wield two-handed weapons with a shield.


Message History

No target in view!
You swap places.
You swap places.
You see here a black bear corpse.
Things that are here:
a +3 falchion; an orc corpse
Things that are here:
a +0 dagger; a +0 ring mail Done exploring.
Done exploring.
You hear a distant slurping noise.
There is a stone staircase leading up here.
You climb upwards.
Level annotation: 1 runed translucent door, Crazy Yiuf
There is a stone staircase leading down here.
You see here a +0 hammer.
Crazy Yiuf shouts!
You open the door.
Crazy Yiuf zaps a wand.
The puff of flame hits you.
Crazy Yiuf hits you with a +3 quarterstaff of chaos!
Crazy Yiuf burns you.
There is an open translucent door, spattered with blood here.
You closely miss Crazy Yiuf.
Crazy Yiuf hits you with a +3 quarterstaff of chaos!
Crazy Yiuf zaps a wand.
The puff of flame hits you.
You are too injured to fight recklessly!
You slash Crazy Yiuf!
Crazy Yiuf is heavily wounded.
Crazy Yiuf hits you with a +3 quarterstaff of chaos!
You feel your power leaking away.
You hit Crazy Yiuf but do no damage.
Crazy Yiuf is heavily wounded.
Crazy Yiuf hits you with a +3 quarterstaff of chaos!
* * * LOW HITPOINT WARNING * * *
You easily resist.
You hit Crazy Yiuf.
Crazy Yiuf is severely wounded.
Crazy Yiuf hits you with a +3 quarterstaff of chaos.
* * * LOW HITPOINT WARNING * * *
You are electrocuted!
You die...

..# #.....##.# ##'## #.##.# #.#
#.######.## #.# ##.##.# #.#
#.........# #.# #...... #.##
########### ### #####...#.#
...# #..##..#... ##.##
##.##.#.... #..#####♣♣ ####
#.#....._. ##.....+.♣♣ ♣♣#..)#
#....#.... ###......♣♣♣♣.@g..#
####..#... ##.)....♣..♣#...#
#...#.# ##.+..♣.♣♣♣ ####
#...... ###♣♣♣♣♣ ####### #####
##...###### ### #.........#
#.######### # #..#####..#
#####.#.......# ## #
#..#####..###.........###.####.


You could see Crazy Yiuf.

Vanquished Creatures
  Grinder (D:3)
  A water moccasin (D:4)
  A sky beast (D:3)
  2 black bears (D:4)
  An ogre (D:3)
  An orc priest (D:4)
  Jessica (D:3)
  An iguana (D:4)
  Terence (D:2)
  9 adders
  A dart slug (D:2)
  4 orcs
  4 ball pythons
  6 endoplasms
  3 giant cockroaches
  6 goblins
  9 hobgoblins
  2 jackals (D:2)
  3 quokkas
  A bat (D:2)
  2 frilled lizards
  2 kobolds
  4 rats
66 creatures vanquished.

Vanquished Creatures (others)
  An adder (D:4)
  An ufetubus (D:4)
  3 hobgoblins (D:4)
  2 ball pythons (D:4)
7 creatures vanquished.

Grand Total: 73 creatures vanquished

Notes
Turn   | Place    | Note
-------+----------+-------------------------------------------
     0 | D:1      | heikuro the Formicid Fighter began the quest for the Orb.
     0 | D:1      | Reached XP level 1. HP: 18/18 MP: 1/1
   148 | D:1      | Reached XP level 2. HP: 24/24 MP: 2/2
   510 | D:1      | Reached XP level 3. HP: 28/29 MP: 3/3
   740 | D:2      | Found a glowing silver altar of Zin.
   830 | D:2      | Noticed Terence
   841 | D:2      | Killed Terence
   842 | D:2      | Reached XP level 4. HP: 27/37 MP: 4/4
  1237 | D:2      | Reached XP level 5. HP: 42/42 MP: 5/5
  1289 | D:1      | Prayed at the altar of an unknown god.
  1289 | D:1      | Became a worshipper of Jiyva Jinuokim the Shapeless
  1289 | D:1      | Reached * piety under Jiyva
  1429 | D:3      | Found a stormy altar of Qazlal.
  1429 | D:3      | Noticed a sky beast
  1439 | D:3      | Killed a sky beast
  1440 | D:3      | Reached skill level 5 in Shields
  1440 | D:3      | Reached XP level 6. HP: 41/48 MP: 6/6
  1498 | D:3      | Noticed Grinder
  1517 | D:3      | Killed Grinder
  1518 | D:3      | Reached XP level 7. HP: 44/55 MP: 7/7
  1588 | D:3      | Noticed Jessica
  1594 | D:3      | Killed Jessica
  1709 | D:3      | Noticed a shadow
  1710 | D:3      | Found a shadowy altar of Dithmenos.
  1837 | D:3      | Found a hazy altar of Hepliaklqana.
  1944 | D:3      | Reached ** piety under Jiyva
  1985 | D:3      | Reached skill level 5 in Axes
  2356 | D:3      | Found a runed translucent door.
  2357 | D:3      | Noticed Crazy Yiuf
  2520 | D:4      | Reached skill level 5 in Fighting
  2520 | D:4      | Reached skill level 5 in Armour
  2578 | D:4      | Noticed a water moccasin
  2595 | D:4      | Killed a water moccasin
  2596 | D:4      | Reached XP level 8. HP: 33/62 MP: 8/8
  2625 | D:4      | Found a runed translucent door.
  2627 | D:4      | Noticed jpeg9000's ghost (amateur DrSh)
  3041 | D:3      | Slain by Crazy Yiuf

Illustrated notes

Levels and vault maps discovered:
D:1:      spicycebolla_arrival_ecumenical, layout_loops_ring
D:2:      layout_rooms, basic_altar, uniq_terence
D:3:      layout_loops_corners, riverfiend_overflow_shadow_ancestor,
          nicolae_qazlal_beasts_of_the_sky, palyth_stone_intersect,
          uniq_crazy_yiuf_cottage, uniq_grinder, uniq_jessica
D:4:      layout_rooms, gammafunk_ghost_grave

Skill      XL: |  1  2  3  4  5  6  7  8 |
---------------+-------------------------+-----
Axes           | 3 4 5 6 |  6.0
Fighting       | 4 5 |  5.4
Armour         | 4 5 |  5.4
Shields        | 5 6 |  6.5

Action                     |  1- 3 |  4- 6 |  7- 9 || total
---------------------------+-------+-------+-------++-------
  Melee: War axe           |    82 |    52 |    77 ||   211
         Short sword       |       |       |     2 ||     2
 Armour: Scale mail        |    42 |    35 |    62 ||   139
  Dodge: Dodged            |    46 |    18 |    45 ||   109
  Block: Buckler           |    19 |     9 |    27 ||    55

Table legend: (Time is in decaauts)
 A = Elapsed time spent in this place.
 B = Non-inter-level travel time spent in this place.
 C = Inter-level travel time spent in this place.
 D = Time resting spent in this place.
 E = Time spent auto-exploring this place.
 F = Levels seen in this place.
 G = Mean time per level.
                   A        B        C        D        E       F      G
               +--------+--------+--------+--------+--------+-----+--------+
         Total |   3112 |   2848 |    264 |     23 |   2002 |   4 |  778.0 |
       Dungeon |   3112 |   2848 |    264 |     23 |   2002 |   4 |  778.0 |
               +--------+--------+--------+--------+--------+-----+--------+

Top non-repeatable levels by time:
     D:3: 1174 daAuts
     D:1: 798 daAuts
     D:2: 646 daAuts
     D:4: 493 daAuts
